 Dungeon Sprint DCSS version 0.17-a0-1642-gd4b747b (webtiles) character file.

62640 Kidiri the Impregnable (level 14, -9/124 HPs)
             Began as a Minotaur Fighter on Aug 8, 2015.
             Was a High Priest of Okawaru.
             Mangled by Wixtej the pandemonium lord (28 damage)
             ... in the Dungeon (Sprint VII: "The Pits").
             The game lasted 00:41:18 (5983 turns).

Kidiri the Impregnable (Minotaur Fighter)           Turns: 5983, Time: 00:41:18

Health: -9/124     AC: 41    Str: 32    XL:     14   Next: 65%
Magic:  0/21       EV: 14    Int:  8    God:    Okawaru [*****.]
Gold:   54         SH: 21    Dex:  8    Spells: 0 memorised, 13 levels left

rFire  + + .     SeeInvis .     z - +6 morningstar (venom)
rCold  + . .     Clarity  .     B - +2 gold dragon armour
rNeg   + . .     SustAt   .     a - +2 shield
rPois  +         Gourm    .     (helmet restricted)
rElec  .         Spirit   .     r - +2 cloak {+Inv}
rCorr  .         Warding  .     J - +3 pair of gauntlets of War {Slay+5}
rMut   .         NoTele   +     M - +1 pair of boots {run}
MR     +....                    (no amulet)
Stlth  ..........               s - ring of the Will of the Gods {+Blink rPois rF+ rN+ Dex-5}
                                t - ring of Atomepp {+Fly Str+4 Int+3 Dex+2}

@: mighty, heroism, finesse, very slightly contaminated, invisible, quick,
somewhat resistant to hostile enchantments, extremely unstealthy
A: retaliatory headbutt, horns 2, frail 1, slow healing 1, weak 1, wild magic 1
a: Heroism, Finesse, Renounce Religion, Evoke Blink, Evoke Flight


You were in the Dungeon.
You worshipped Okawaru.
Okawaru was extremely pleased with you.
You were not hungry.

You visited 1 branch You collected 54 gold pieces.

Inventory:

Hand weapons
 g - a +1 morningstar of holy wrath
 z - a +6 morningstar of venom (weapon)
Armour
 a - a +2 shield (worn)
 r - a +2 cloak of invisibility (worn)
 B - a +2 gold dragon armour (worn)
 J - the +3 pair of gauntlets of War (worn) {Slay+5}
   (You found it in the Dungeon)

   It affects your accuracy and damage with ranged weapons and melee attacks
   (+5).
 M - a +1 pair of boots of running (worn)
Jewellery
 s - the ring of the Will of the Gods (right hand) {+Blink rPois rF+ rN+ Dex-5}
   (You found it in the Dungeon)

   [ring of protection from fire]

   It affects your dexterity (-5).
   It protects you from fire.
   It protects you from poison.
   It protects you from negative energy.
   It lets you blink.
 t - the ring of Atomepp (left hand) {+Fly Str+4 Int+3 Dex+2}
   (You took it off a vampire mage in the Dungeon)

   [ring of flight]

   It affects your strength (+4).
   It affects your intelligence (+3).
   It affects your dexterity (+2).
   It lets you fly.
Magical devices
 L - a wand of digging (8)
Scrolls
 k - 2 scrolls of blinking
 o - 4 scrolls of remove curse
 p - 5 scrolls of amnesia
 q - a scroll of summoning
 A - 2 scrolls of fog
 D - a scroll of fear
 E - a scroll of identify
 F - a scroll of recharging
 O - a scroll of immolation
Potions
 d - a potion of might
 f - 7 potions of curing
 h - 3 potions of haste
 i - 4 potions of magic
 n - a potion of invisibility
 u - 3 potions of brilliance
 v - 3 potions of agility
 I - a potion of flight
Comestibles
 e - 5 bread rations
 l - 40 fruits
 m - 7 meat rations


   Skills:
 + Level 16.8(21.8) Fighting
 * Level 22.0(27) Maces & Flails
 * Level 22.2(27) Armour
 + Level 15.2(20.2) Dodging
 * Level 22.1(27) Shields
 - Level 11.3 Invocations
 + Level 8.3 Evocations


You had 13 spell levels left.
You didn't know any spells.

Dungeon Overview and Level Annotations

Branches:
Dungeon (1/1)

Altars:
Ashenzari
Cheibriados
Dithmenos
Elyvilon
Fedhas
Gozag
Kikubaaqudgha
Makhleb
Nemelex Xobeh
Okawaru
Qazlal
Ru
Sif Muna
Trog
Vehumet
Xom
Yredelemnul
Zin
The Shining One
Beogh
Jiyva
Lugonu


Innate Abilities, Weirdness & Mutations

You reflexively headbutt those who attack you in melee.
You have a pair of horns on your head.
You are frail (-10% HP).
You heal slowly when monsters are visible.
You are weak. (Str -2)
Your spells are a little harder to cast, but a little more powerful.


Message History

Wixtej gestures.
Unknown command.
You miss Wixtej. Your headbutt misses Wixtej.
Wixtej is severely wounded.
The hellion gestures at Wixtej.
The hellfire explodes!
The burst of hellfire engulfs Wixtej.
The burst of hellfire engulfs the mace of crushing.
The burst of hellfire engulfs you!
* * * LOW HITPOINT WARNING * * *
Drink which item? (? for menu, Esc to quit)
You feel better.
* * * LOW HITPOINT WARNING * * *
Wixtej gestures.
The soul eater hits you but does no damage.
Wixtej hits you but does no damage.
Drink which item? (? for menu, Esc to quit)
You feel very mighty all of a sudden.
* * * LOW HITPOINT WARNING * * *
Wixtej hits you!!
You die... #+# ##.## 2.G GCJ

#(#
#&#
#@#
#3#
#(#
#'#
#[#
#'#
#.#
#'#
#.#


You could see Wixtej, a fire giant, an azure jelly, a soul eater, an eye of
draining, a hellion, a giant eyeball and a mace of crushing.

Vanquished Creatures
  An ancient lich (D)
  An orb of fire (D)
  A deep elf master archer (D)
  3 orc warlords (D)
  A draconian knight (D)
  An iron dragon (D)
  2 ophanim (D)
  A dire elephant (D)
  2 mottled draconians (D)
  A minotaur (D)
  A merfolk javelineer (D)
  A vault guard (D)
  A death ooze (D)
  Josephine (D)
  2 yaktaur captains (D)
  2 naga warriors (D)
  A catoblepas (D)
  A death knight (D)
  Erolcha (D)
  An anaconda (D)
  An orc high priest (D)
  A naga sharpshooter (D)
  A vampire mage (D)
  2 shadow wraiths (D)
  2 sea snakes (D)
  2 deep elf knights (D)
  An ice devil (D)
  A cherub (D)
  A deep troll (D)
  13 orc knights (D)
  A flayed ghost (D)
  A swamp dragon (D)
  An orb spider (shapeshifter) (D)
  A lindwurm (D)
  An ugly thing (D)
  3 rust devils (D)
  An orc sorcerer (D)
  2 gargoyles (D)
  2 black mambas (D)
  2 manticores (D)
  An orange demon (D)
  2 naga magi (D)
  A yaktaur (D)
  2 demonic crawlers (D)
  An efreet (D)
  A hellwing (D)
  3 merfolk (D)
  A jumping spider (D)
  2 trolls (D)
  A two-headed ogre (D)
  A snapping turtle (D)
  A bog body (D)
  A deep elf mage (D)
  A vampire (D)
  An air elemental (D)
  5 wraiths (D)
  3 yaks (D)
  Eustachio (D)
  4 deep elf fighters (D)
  A fire bat (D)
  2 hungry ghosts (D)
  5 wolves (D)
  A neqoxec (D)
  2 hippogriffs (D)
  4 insubstantial wisps (D)
  A warg (D)
  2 sky beasts (D)
  3 wasps (D)
  An ogre (D)
  2 centaurs (D)
  7 orc warriors (D)
  A small abomination (D)
  2 gnoll sergeants (D)
  3 killer bees (D)
  2 orc wizards (D)
  A gnoll shaman (D)
  A jelly (D)
  An orc priest (D)
  An iguana (D)
  2 worker ants (D)
  7 sheep (D)
  12 gnolls (D)
  2 adders (D)
  A giant eyeball (D)
  2 oozes (D)
  2 adder skeletons (D)
  A worm (D)
  7 orcs (D)
  A bat simulacrum (D)
  2 goblins (D)
  A hobgoblin (D)
  6 jackals (D)
  A kobold (D)
  A ball python (D)
  A giant gecko skeleton (D)
191 creatures vanquished.

Vanquished Creatures (others)
  A large abomination (D)
  An orc knight (D)
  A necromancer (D)
  3 water elementals (D)
  An adder skeleton (D)
  2 orcs (D)
9 creatures vanquished.

Grand Total: 200 creatures vanquished

Notes
Turn   | Place    | Note
--------------------------------------------------------------
     0 | D        | Kidiri the Minotaur Fighter began the quest for the Orb.
     0 | D        | Reached XP level 1. HP: 19/19 MP: 0/0
    10 | D        | Noticed a worker ant
    19 | D        | Killed a worker ant
    19 | D        | Reached skill level 4 in Fighting
    19 | D        | Reached skill level 1 in Dodging
    19 | D        | Reached XP level 2. HP: 13/27 MP: 1/1
    30 | D        | Found a sacrificial altar of Ru.
    30 | D        | Found a basalt altar of Yredelemnul.
    30 | D        | Found a shadowy altar of Dithmenos.
    30 | D        | Found a deep blue altar of Sif Muna.
    30 | D        | Found a burning altar of Makhleb.
    30 | D        | Found a shimmering altar of Xom.
    30 | D        | Found an ancient bone altar of Kikubaaqudgha.
    30 | D        | Found a sparkling altar of Nemelex Xobeh.
    31 | D        | Found a glowing golden altar of the Shining One.
    31 | D        | Found a bloodstained altar of Trog.
    31 | D        | Found a shattered altar of Ashenzari.
    31 | D        | Found a white marble altar of Elyvilon.
    31 | D        | Found a snail-covered altar of Cheibriados.
    31 | D        | Found a blossoming altar of Fedhas.
    31 | D        | Found a radiant altar of Vehumet.
    31 | D        | Found a glowing silver altar of Zin.
    31 | D        | Found a corrupted altar of Lugonu.
    31 | D        | Found a viscous altar of Jiyva.
    31 | D        | Found a roughly hewn altar of Beogh.
    31 | D        | Found an iron altar of Okawaru.
    50 | D        | HP: 1/27 [poisoned by a worker ant]
    54 | D        | Found a stormy altar of Qazlal.
    55 | D        | Found an opulent altar of Gozag.
    57 | D        | Became a worshipper of Warmaster Okawaru
   339 | D        | Reached skill level 5 in Armour
   339 | D        | Reached skill level 5 in Shields
   340 | D        | Reached XP level 3. HP: 32/34 MP: 2/2
   372 | D        | Noticed an ogre
   390 | D        | Killed an ogre
   390 | D        | Reached skill level 5 in Fighting
   390 | D        | Reached skill level 6 in Maces & Flails
   390 | D        | Reached XP level 4. HP: 32/42 MP: 2/4
   492 | D        | Noticed a wolf
   492 | D        | Noticed a hungry ghost
   505 | D        | Killed a wolf
   505 | D        | Acquired Okawaru's first power
   505 | D        | Reached skill level 7 in Maces & Flails
   505 | D        | Reached XP level 5. HP: 37/50 MP: 4/6
   520 | D        | Killed a hungry ghost
   520 | D        | Reached skill level 8 in Maces & Flails
   520 | D        | Reached skill level 5 in Dodging
   520 | D        | Reached XP level 6. HP: 39/58 MP: 5/7
   633 | D        | Noticed a sky beast
   641 | D        | Killed a sky beast
   641 | D        | Reached skill level 9 in Armour
   648 | D        | Gained mutation: Your spells are a little harder to cast, but a little more powerful. [mutagenic meat]
   649 | D        | Gained mutation: You are clumsy. (Dex -2) [mutagenic meat]
   650 | D        | Lost mutation: You are clumsy. (Dex -2) [mutagenic meat]
   651 | D        | Gained mutation: Scrolls take you a little longer to read. [mutagenic meat]
   667 | D        | HP: 2/60 [something (2)]
   672 | D        | Killed a shadow wraith
   672 | D        | Reached skill level 10 in Maces & Flails
   672 | D        | Reached skill level 10 in Armour
   672 | D        | Reached skill level 10 in Shields
   672 | D        | Reached skill level 5 in Invocations
   672 | D        | Reached XP level 7. HP: 19/68 MP: 7/9
   672 | D        | Reached XP level 8. HP: 20/74 MP: 7/10
   675 | D        | Noticed a deep elf fighter
   675 | D        | Noticed a fire bat
   678 | D        | Killed a fire bat
   683 | D        | Killed a deep elf fighter
   683 | D        | Reached skill level 11 in Armour
   930 | D        | Noticed an iguana
   930 | D        | Noticed a hippogriff
   936 | D        | Killed a hippogriff
   941 | D        | Killed an iguana
  1066 | D        | Noticed an orc knight
  1066 | D        | Noticed an orc warrior
  1067 | D        | Noticed a jelly
  1067 | D        | Noticed an orc warrior
  1072 | D        | Killed an orc warrior
  1074 | D        | Killed a jelly
  1105 | D        | Killed an orc knight
  1105 | D        | Reached skill level 12 in Armour
  1105 | D        | Reached XP level 9. HP: 68/83 MP: 12/12
  1109 | D        | Killed an orc warrior
  1288 | D        | Noticed an orc warrior
  1288 | D        | Noticed an orc warrior
  1289 | D        | Noticed an orc warrior
  1289 | D        | Noticed an orc wizard
  1290 | D        | Noticed an orc knight
  1291 | D        | Noticed an efreet
  1295 | D        | Killed an orc warrior
  1300 | D        | Killed an efreet
  1303 | D        | Killed an orc knight
  1303 | D        | Killed an orc warrior
  1311 | D        | Killed an orc warrior
  1315 | D        | Killed an orc wizard
  1398 | D        | Noticed a jumping spider
  1405 | D        | Killed a jumping spider
  1444 | D        | Killed a shadow wraith
  1444 | D        | Acquired Okawaru's second power
  1444 | D        | Reached skill level 10 in Fighting
  1444 | D        | Reached skill level 13 in Maces & Flails
  1552 | D        | Noticed a gnoll sergeant
  1578 | D        | Killed a gnoll sergeant
  1648 | D        | Noticed a gnoll sergeant
  1648 | D        | Noticed a yak
  1648 | D        | Noticed a yak
  1648 | D        | Noticed a yak
  1652 | D        | Killed a yak
  1666 | D        | Killed a yak
  1666 | D        | Reached XP level 10. HP: 90/93 MP: 12/14
  1669 | D        | Killed a yak
  1669 | D        | Received a gift from Okawaru
  1670 | D        | Got a pair of bloodstained gloves {god gift}
  1677 | D        | Killed a gnoll sergeant
  1686 | D        | Noticed Erolcha
  1693 | D        | Noticed a snapping turtle
  1693 | D        | Killed Erolcha
  1710 | D        | Killed a snapping turtle
  1710 | D        | Reached skill level 14 in Armour
  1716 | D        | Identified the +1 pair of gloves "Iwkie" {MR+ Int+2 Dex+2} (Okawaru gifted it to you in the Dungeon)
  1717 | D        | Noticed a deep troll
  1731 | D        | Killed a deep troll
  1735 | D        | Noticed a sea snake
  1742 | D        | Killed a sea snake
  2034 | D        | Noticed a wraith
  2034 | D        | Noticed a gnoll shaman
  2034 | D        | Noticed a bog body
  2034 | D        | Noticed a swamp dragon
  2034 | D        | Noticed a black mamba
  2035 | D        | Noticed a death knight
  2040 | D        | Noticed a wasp
  2043 | D        | Killed a black mamba
  2055 | D        | Killed a swamp dragon
  2057 | D        | Killed a bog body
  2061 | D        | Killed a gnoll shaman
  2070 | D        | Killed a wraith
  2086 | D        | Noticed a phantasmal warrior
  2102 | D        | Killed a death knight
  2102 | D        | Reached skill level 15 in Armour
  2102 | D        | Reached XP level 11. HP: 72/102 MP: 16/16
  2106 | D        | Killed a wasp
  2106 | D        | Reached skill level 15 in Shields
  2216 | D        | Noticed a wolf
  2216 | D        | Noticed a centaur
  2216 | D        | Noticed a worker ant
  2217 | D        | Noticed a wolf
  2217 | D        | Noticed an orc priest
  2218 | D        | Noticed a centaur
  2218 | D        | Noticed a wolf
  2218 | D        | Noticed a small abomination
  2219 | D        | Killed a worker ant
  2219 | D        | Reached skill level 15 in Maces & Flails
  2220 | D        | Noticed a wolf
  2223 | D        | Noticed an orc warrior
  2223 | D        | Killed a wolf
  2223 | D        | Reached skill level 10 in Dodging
  2226 | D        | Killed a wolf
  2227 | D        | Noticed a sky beast
  2227 | D        | Noticed an orc high priest
  2231 | D        | Noticed a warg
  2237 | D        | Killed a small abomination
  2238 | D        | Noticed an orc wizard
  2238 | D        | Noticed an orc warrior
  2240 | D        | Killed an orc priest
  2244 | D        | Killed a wolf
  2251 | D        | Killed a centaur
  2254 | D        | Killed a centaur
  2259 | D        | Killed a sky beast
  2280 | D        | Killed a wolf
  2283 | D        | Killed an orc warrior
  2291 | D        | Killed an orc wizard
  2300 | D        | Killed an orc warrior
  2307 | D        | Killed an orc high priest
  2307 | D        | Received a gift from Okawaru
  2330 | D        | Gained mutation: You are clumsy. (Dex -2) [mutagenic meat]
  2331 | D        | Gained mutation: You are weak. (Str -2) [mutagenic meat]
  2332 | D        | Gained mutation: Your magical capacity is low (-10% MP). [mutagenic meat]
  2334 | D        | Gained mutation: Your spells are harder to cast, but more powerful. [mutagenic meat]
  2339 | D        | Noticed an orange demon
  2340 | D        | Noticed a demonic crawler
  2340 | D        | Noticed a hungry ghost
  2342 | D        | Noticed a lindwurm
  2342 | D        | Noticed a two-headed ogre
  2347 | D        | Noticed a flayed ghost
  2351 | D        | Noticed a neqoxec
  2354 | D        | Killed a demonic crawler
  2359 | D        | Killed a two-headed ogre
  2374 | D        | Killed a flayed ghost
  2384 | D        | Killed a neqoxec
  2392 | D        | Killed a warg
  2397 | D        | Killed a lindwurm
  2397 | D        | Reached skill level 16 in Armour
  2408 | D        | Killed a hungry ghost
  2421 | D        | Killed an orange demon
  2503 | D        | Lost mutation: Your magical capacity is low (-10% MP). [potion of cure mutation]
  2503 | D        | Lost mutation: Your spells are harder to cast, but more powerful. [potion of cure mutation]
  2503 | D        | Lost mutation: Scrolls take you a little longer to read. [potion of cure mutation]
  2503 | D        | Lost mutation: Your spells are a little harder to cast, but a little more powerful. [potion of cure mutation]
  2503 | D        | Lost mutation: You are clumsy. (Dex -2) [potion of cure mutation]
  2830 | D        | Noticed a deep elf knight
  2830 | D        | Noticed a deep elf fighter
  2830 | D        | Noticed a deep elf fighter
  2830 | D        | Noticed a killer bee
  2830 | D        | Noticed Eustachio
  2830 | D        | Noticed a rust devil
  2830 | D        | Noticed a vampire
  2831 | D        | Noticed a minotaur
  2831 | D        | Killed a deep elf fighter
  2833 | D        | Noticed a killer bee
  2833 | D        | Killed a killer bee
  2834 | D        | Noticed a vampire mage
  2836 | D        | Noticed a yaktaur
  2841 | D        | Killed a minotaur
  2843 | D        | Noticed a wasp
  2844 | D        | Noticed a hellwing
  2846 | D        | Noticed a catoblepas
  2849 | D        | Killed a rust devil
  2849 | D        | Received a gift from Okawaru
  2853 | D        | Killed a killer bee
  2868 | D        | Killed a catoblepas
  2868 | D        | Reached skill level 10 in Invocations
  2869 | D        | Noticed a deep elf fighter
  2875 | D        | Killed a vampire mage
  2876 | D        | Killed a deep elf fighter
  2877 | D        | Noticed an anaconda
  2881 | D        | Killed an anaconda
  2885 | D        | Noticed an air elemental
  2890 | D        | Killed a deep elf knight
  2890 | D        | Reached skill level 17 in Armour
  2890 | D        | Reached XP level 12. HP: 82/113 MP: 14/18
  2893 | D        | Killed Eustachio
  2895 | D        | Noticed a mottled draconian
  2895 | D        | Killed a wasp
  2896 | D        | Noticed a naga mage
  2897 | D        | Noticed a killer bee
  2897 | D        | Noticed a gargoyle
  2900 | D        | Killed a hellwing
  2904 | D        | Killed a gargoyle
  2910 | D        | Killed a mottled draconian
  2912 | D        | Noticed a manticore
  2914 | D        | Killed a killer bee
  2919 | D        | Killed a deep elf fighter
  2922 | D        | Noticed an ophan
  2923 | D        | Noticed a gargoyle
  2924 | D        | Killed a vampire
  2936 | D        | Killed a yaktaur
  2942 | D        | Killed a naga mage
  2946 | D        | Killed an air elemental
  2949 | D        | Noticed a naga mage
  2953 | D        | Killed an ophan
  2953 | D        | Received a gift from Okawaru
  2961 | D        | Killed a gargoyle
  2963 | D        | Killed a naga mage
  2967 | D        | Killed a manticore
  2971 | D        | Got the ring of Atomepp {+Fly Str+4 Int+3 Dex+2}
  2976 | D        | Noticed a wasp
  2978 | D        | Killed a wasp
  3021 | D        | Noticed a naga sharpshooter
  3031 | D        | Killed a naga sharpshooter
  3165 | D        | Noticed a deep elf mage
  3165 | D        | Noticed a dire elephant
  3165 | D        | Noticed a mottled draconian
  3165 | D        | Noticed an orc warlord
  3165 | D        | Noticed a troll
  3177 | D        | Killed a dire elephant
  3177 | D        | Reached skill level 18 in Armour
  3191 | D        | Killed an orc warlord
  3191 | D        | Received a gift from Okawaru
  3199 | D        | Killed a deep elf mage
  3201 | D        | Killed a mottled draconian
  3205 | D        | Killed a troll
  3228 | D        | Got the ring of the Will of the Gods {+Blink rPois rF+ rN+ Dex-5}
  3257 | D        | Identified a +1 pair of boots of running (You found it in the Dungeon)
  3343 | D        | Noticed an orc sorcerer
  3349 | D        | Killed an orc sorcerer
  3373 | D        | Noticed a sea snake
  3374 | D        | Noticed a hippogriff
  3380 | D        | Killed a sea snake
  3380 | D        | Reached skill level 1 in Evocations
  3387 | D        | Killed a hippogriff
  3412 | D        | Noticed a black mamba
  3412 | D        | Noticed an insubstantial wisp
  3413 | D        | Noticed an insubstantial wisp
  3413 | D        | Noticed an insubstantial wisp
  3413 | D        | Noticed an insubstantial wisp
  3416 | D        | Killed an insubstantial wisp
  3417 | D        | Killed a black mamba
  3420 | D        | Killed an insubstantial wisp
  3424 | D        | Killed an insubstantial wisp
  3425 | D        | Killed an insubstantial wisp
  3441 | D        | Noticed a cyan ugly thing
  3441 | D        | Noticed a wraith
  3442 | D        | Noticed Josephine
  3442 | D        | Noticed a wraith
  3443 | D        | Noticed a wraith
  3444 | D        | Noticed a wraith
  3447 | D        | Killed a cyan ugly thing
  3449 | D        | Killed a wraith
  3455 | D        | Killed Josephine
  3455 | D        | Reached XP level 13. HP: 113/124 MP: 20/20
  3456 | D        | Killed a wraith
  3457 | D        | Killed a wraith
  3461 | D        | Killed a wraith
  3602 | D        | Noticed a manticore
  3603 | D        | Noticed an orb spider
  3603 | D        | Noticed a troll
  3607 | D        | Killed a manticore
  3611 | D        | Killed a troll
  3621 | D        | Killed an orb spider
  3621 | D        | Reached skill level 19 in Armour
  3859 | D        | Noticed a demonic crawler
  3859 | D        | Noticed a rust devil
  3860 | D        | Noticed an orc knight
  3860 | D        | Noticed an orc knight
  3860 | D        | Noticed an orc knight
  3860 | D        | Noticed an orc knight
  3861 | D        | Noticed an orc warlord
  3861 | D        | Noticed an orc warlord
  3861 | D        | Noticed an orc knight
  3863 | D        | Noticed an orc knight
  3865 | D        | Noticed an orc knight
  3866 | D        | Killed a demonic crawler
  3868 | D        | Noticed a rust devil
  3868 | D        | Noticed an orc knight
  3868 | D        | Killed a rust devil
  3869 | D        | Noticed a yaktaur captain
  3870 | D        | Noticed an orc knight
  3872 | D        | Noticed an ice devil
  3876 | D        | Killed an orc knight
  3881 | D        | Noticed an orc knight
  3881 | D        | Noticed a merfolk
  3881 | D        | Noticed a merfolk
  3883 | D        | Noticed a vault guard
  3883 | D        | Noticed a yaktaur captain
  3883 | D        | Noticed a deep elf knight
  3884 | D        | Noticed a merfolk
  3887 | D        | Killed an orc warlord
  3891 | D        | Noticed a naga warrior
  3891 | D        | Noticed a cherub
  3896 | D        | Killed an ice devil
  3906 | D        | Killed an orc knight
  3913 | D        | Killed an orc warlord
  3913 | D        | Received a gift from Okawaru
  3914 | D        | Killed an orc knight
  3918 | D        | Killed a yaktaur captain
  3922 | D        | Killed an orc knight
  3928 | D        | Killed an orc knight
  3928 | D        | Killed an orc knight
  3934 | D        | Killed a yaktaur captain
  3936 | D        | Killed a rust devil
  3943 | D        | Killed an orc knight
  3948 | D        | Killed a naga warrior
  3948 | D        | Reached skill level 15 in Fighting
  3949 | D        | Killed an orc knight
  3949 | D        | Reached skill level 20 in Armour
  3954 | D        | Killed an orc knight
  3954 | D        | Reached skill level 5 in Evocations
  3963 | D        | Killed a cherub
  3967 | D        | Killed a deep elf knight
  3974 | D        | Killed an orc knight
  3980 | D        | Killed a vault guard
  3981 | D        | Noticed a merfolk javelineer
  4015 | D        | Killed a merfolk
  4023 | D        | Killed a merfolk javelineer
  4029 | D        | Killed a merfolk
  4043 | D        | Killed a merfolk
  4391 | D        | Noticed a naga warrior
  4400 | D        | Killed a naga warrior
  4429 | D        | Noticed an orc knight
  4429 | D        | Noticed an orc knight
  4439 | D        | Killed an orc knight
  4446 | D        | Killed an orc knight
  4556 | D        | Got the +11 scale mail "Xenueroe" {rN+}
  4710 | D        | Noticed a red draconian knight
  4729 | D        | Killed a red draconian knight
  4736 | D        | Noticed an ophan
  4746 | D        | Killed an ophan
  4750 | D        | Noticed an orb of fire
  4754 | D        | Gained mutation: Your spells are a little harder to cast, but a little more powerful. [an orb of fire]
  4757 | D        | Gained mutation: You are frail (-10% HP). [an orb of fire]
  4759 | D        | Gained mutation: You heal slowly when monsters are visible. [an orb of fire]
  4773 | D        | Killed an orb of fire
  4773 | D        | Reached skill level 21 in Maces & Flails
  4773 | D        | Reached XP level 14. HP: 59/123 MP: 18/21
  5045 | D        | Killed a water elemental
  5071 | D        | Killed a necromancer
  5076 | D        | Killed a water elemental
  5096 | D        | Noticed an iron dragon
  5105 | D        | Killed an iron dragon
  5109 | D        | Noticed an ancient lich
  5121 | D        | Killed an ancient lich
  5121 | D        | Received a gift from Okawaru
  5121 | D        | Reached skill level 22 in Armour
  5121 | D        | Reached skill level 15 in Dodging
  5399 | D        | Killed a water elemental
  5686 | D        | Noticed a deep elf master archer
  5701 | D        | Killed a deep elf master archer
  5883 | D        | Killed a large abomination
  5962 | D        | Noticed an azure jelly
  5962 | D        | Noticed a fire giant
  5962 | D        | Noticed Wixtej the pandemonium lord
  5962 | D        | Noticed an eye of draining
  5962 | D        | Noticed a hellion
  5962 | D        | Noticed a mace of crushing
  5962 | D        | Noticed a death ooze
  5965 | D        | Killed a death ooze
  5967 | D        | Paralysed by a giant eyeball for 3 turns
  5983 | D        | Mangled by Wixtej the pandemonium lord

Vault maps used:
D:        pitsprint

Action                   |  1- 3 |  4- 6 |  7- 9 | 10-12 | 13-15 || total
-------------------------+-------+-------+-------+-------+-------++-------
Melee: Flail             |     9 |       |       |       |       ||     9
       Mace              |    25 |    67 |   138 |   189 |       ||   419
       Morningstar       |       |       |       |   258 |   253 ||   511
Invok: Heroism           |       |     1 |     6 |     6 |     7 ||    20
       Finesse           |       |       |       |     6 |     7 ||    13
 Abil: Evoke Invisibilit |       |       |       |       |     2 ||     2
  Use: Potion            |       |     5 |     3 |     4 |     9 ||    21
       Scroll            |       |       |       |     7 |       ||     7
 Stab: Petrifying        |       |       |       |     1 |       ||     1
       Invisible         |       |       |       |       |     2 ||     2
  Eat: Chunk             |       |     4 |     3 |     7 |       ||    14
       Bread ration      |       |       |     1 |     1 |     3 ||     5
